 Dungeon Crawl Stone Soup version 0.27-a0-998-g4cfe56dd59 (webtiles) character file.

Game seed: 5117503248908586607

86 senseless the Skirmisher (level 4, 0/41 HPs)
             Began as a Palentonga Fighter on Apr 16, 2021.
             Was a Plaything of Xom.
             Succumbed to an adder's poison
             ... on level 3 of the Dungeon.
             The game lasted 00:05:12 (2087 turns).

senseless the Skirmisher (Palentonga Fighter)       Turns: 2087, Time: 00:05:12

Health: 0/41       AC:  7    Str: 20    XL:     4   Next: 26%
Magic:  4/4        EV:  5    Int:  8    God:    Xom [..*...]
Gold:   78         SH:  8    Dex: 10    Spells: 3/3 levels left

rFire    . . .     SeeInvis +   a - +0 rapier
rCold    . . .     Faith    .   c - +0 kite shield
rNeg     . . .     Spirit   .   b - +0 scale mail
rPois    .         Reflect  .   (no helmet)
rElec    .         Harm     .   (no cloak)
rCorr    .         Rampage  .   g - +0 pair of gloves
Will     .....                  (no barding)
Stlth    ..........             (no amulet)
HPRegen  0.13/turn              (no ring)
MPRegen  0.09/turn              (no ring)

@: lethally poisoned (0 -> -3)
A: large, rugged brown scales 3, see invisible, deformed body, roll 1, armoured
tail
a: Rolling Charge, Renounce Religion


You were on level 3 of the Dungeon.
You worshipped Xom.
You were a toy of Xom.
You visited 1 branch of the dungeon, and saw 3 of its levels.

You collected 78 gold pieces.

Inventory:

Hand Weapons
 a - a +0 rapier (weapon)
Armour
 b - a +0 scale mail (worn)
 c - a +0 kite shield (worn)
 g - a +0 pair of gloves (worn)
Jewellery
 i - a ring of wizardry
Scrolls
 e - 2 scrolls of identify {unknown}
 f - a scroll of magic mapping {unknown}
Potions
 d - a potion of might


   Skills:
 * Level 5.1 Fighting
 - Level 2.0 Short Blades
 - Level 2.4 Armour
 - Level 2.4 Shields


You had 3 spell levels left.
You didn't know any spells.
Your spell library was empty.

Dungeon Overview and Level Annotations

Branches:
Dungeon (3/15)

Altars:
Xom


Innate Abilities, Weirdness & Mutations

You are completely covered in rugged brown scales. (AC +3, +7% HP)
You have supernaturally acute eyesight. (SInv)
Armour fits poorly on your strangely shaped body.
You can roll at nearby foes to attack.
You have a long armoured tail.


Message History

* * * LOW HITPOINT WARNING * * *
You are more poisoned.
The adder poisons you!
You hit the adder.
You kill the adder!
* * * LOW HITPOINT WARNING * * *
You feel very sick. The rat bites you but does no damage.
You block the rat's attack. The adder bites you but does no damage.
The rat barely misses you.
Your Fighting skill increases to level 5!
You puncture the adder!
The adder is almost dead.
* * * LOW HITPOINT WARNING * * *
You feel sick. The adder bites you.
* * * LOW HITPOINT WARNING * * *
You are lethally poisoned!
The adder poisons you! The rat closely misses you. The adder barely misses you.
The rat bites you.
* * * LOW HITPOINT WARNING * * *
The rat bites you but does no damage.
Unknown command.
It was a potion of curing.
You feel better. The adder bites you.
* * * LOW HITPOINT WARNING * * *
You are poisoned.
The adder poisons you! The rat bites you but does no damage. The rat bites you.
* * * LOW HITPOINT WARNING * * *
You puncture the adder!
You kill the adder!
* * * LOW HITPOINT WARNING * * *
You feel very sick. The rat bites you.
* * * LOW HITPOINT WARNING * * *
The rat bites you.
* * * LOW HITPOINT WARNING * * *
* * * LOW HITPOINT WARNING * * *
You feel sick.
* * * LOW HITPOINT WARNING * * *
You feel sick.
You die...
Xom guffaws!

..........# #.............#
..........# #.)...........#
..........# #......<.†...†#
..........# #....≈..P≈≈PP#.
..........###...≈≈≈♣P≈PPP≈P
................PP≈≈≈≈≈≈≈≈.
........rr.......P≈PP≈≈♣♣♣≈
................##..#≈≈P≈ ≈
.>........@..........+PPP♣≈
....!.....#####......#PPPP♣
..........# #.####.. PP
..........# .# ##+#..#.###
.# #.##. #. .. ##


You could see 2 rats.

Vanquished Creatures
  A gnoll (D:1)
  3 adders (D:3)
  A worm (D:3)
  A dart slug (D:1)
  5 endoplasms
  2 giant cockroaches (D:1)
  3 goblins (D:1)
  4 hobgoblins
  6 jackals (D:2)
  A quokka (D:3)
  5 ball pythons
  2 bats
  2 frilled lizards (D:1)
  5 kobolds
  3 rats
44 creatures vanquished.

Vanquished Creatures (others)
  24 plants (D:3)
24 creatures vanquished.

Grand Total: 68 creatures vanquished

Notes
Turn   | Place    | Note
-------+----------+-------------------------------------------
     0 | D:1      | senseless the Palentonga Fighter began the quest for the
                  | Orb.
     0 | D:1      | Reached XP level 1. HP: 19/19 MP: 1/1
   243 | D:1      | Reached XP level 2. HP: 14/25 MP: 2/2
   534 | D:1      | Found a faded altar of an unknown god.
   574 | D:1      | Reached skill level 4 in Fighting
   646 | D:1      | Reached XP level 3. HP: 32/32 MP: 3/3
  1157 | D:1      | Became a worshipper of Xom of Bone-Dry Humour
  1416 | D:2      | XOM: divination: detect creatures
  1627 | D:2      | XOM: silly message
  2051 | D:3      | Reached XP level 4. HP: 38/40 MP: 4/4
  2082 | D:3      | Reached skill level 5 in Fighting
  2084 | D:3      | HP: 2/41 [rat (1)]
  2087 | D:3      | Succumbed to an adder's poison

Illustrated notes

Levels and vault maps discovered:
D:1:      scummos_arrival_gate, layout_loops_cross,
          shapermc_ecumenical_altar_venn
D:2:      layout_basic, supply_closet_lemuel
D:3:      layout_basic, lemuel_crystal_altar, nicolae_overflow_crystal_walls,
          serial_bayou, serial_bayou_crossing, serial_bayou_shore_a,
          serial_bayou_lagoon_a, serial_bayou_pond_e, minmay_misc_feat_square,
          uniq_crazy_yiuf_cottage

Skill      XL: |  1  2  3  4 |
---------------+-------------+-----
Fighting       | 4 5 |  5.1
Short Blades   | |  2.0
Armour         | |  2.4
Shields        | |  2.4

Action                   |  1- 3 |  4- 6 || total
-------------------------+-------+-------++-------
Melee: Rapier            |   119 |    12 ||   131
       Tailslap          |    14 |     1 ||    15
 Abil: Rolling Charge    |    14 |     1 ||    15
  Use: Potion            |       |     1 ||     1
Armor: Scale mail        |    51 |    20 ||    71
Dodge: Dodged            |    21 |     8 ||    29
Block: Kite shield       |    57 |    10 ||    67

Table legend: (Time is in decaauts)
 A = Elapsed time spent in this place.
 B = Non-inter-level travel time spent in this place.
 C = Inter-level travel time spent in this place.
 D = Time resting spent in this place.
 E = Time spent auto-exploring this place.
 F = Levels seen in this place.
 G = Mean time per level.
                   A        B        C        D        E       F      G
               +--------+--------+--------+--------+--------+-----+--------+
         Total |   2128 |   1928 |    200 |    410 |   1241 |   3 |  709.3 |
       Dungeon |   2128 |   1928 |    200 |    410 |   1241 |   3 |  709.3 |
               +--------+--------+--------+--------+--------+-----+--------+

Top non-repeatable levels by time:
     D:1: 1298 daAuts
     D:2: 526 daAuts
     D:3: 303 daAuts
